 Dungeon Crawl Stone Soup version 0.30-a0-4-ga7cffc901d (webtiles) character file.

Game seed: 7567281843470955594

49274 Flugkiller the Severer (level 14, -2/130 HPs)
             Began as a Minotaur Fighter on Aug 21, 2022.
             Was an Initiate of Gozag.
             Slain by an orc knight
             ... wielding a +0 dire flail of holy wrath
              (17 damage)
             ... on level 2 of the Orcish Mines.
             The game lasted 00:14:41 (25356 turns).

Flugkiller the Severer (Minotaur Fighter)          Turns: 25356, Time: 00:14:42

Health: -2/130     AC: 22    Str: 22    XL:     14   Next: 15%
Magic:  0/13       EV:  9    Int:  5    God:    Gozag
Gold:   4012       SH:  6    Dex: 14    Spells: 13/13 levels left

rFire   + . .      SeeInvis .    A - +6 broad axe (elec)
rCold   . . .      Faith    .    O - +0 buckler
rNeg    . . .      Spirit   +    N - +2 chain mail {rPois}
rPois   +          Reflect  .    (helmet restricted)
rElec   .          Harm     .    J - +2 cloak {Stlth+}
rCorr   .          Rampage  .    e - +1 pair of gloves
Will    ++...                    F - +0 pair of boots
Stlth   ..........               S - amulet of guardian spirit
HPRegen 0.31/turn                m - ring of willpower
MPRegen 0.13/turn                f - ring of protection from fire

@: gold aura
A: horns 2, retaliatory headbutt
a: Renounce Religion, Potion Petition, Call Merchant, Bribe Branch


You were on level 2 of the Orcish Mines.
You worshipped Gozag.
Gozag was most pleased with you.
You visited 4 branches of the dungeon, and saw 20 of its levels.
You also visited: Sewer.

You collected 4597 gold pieces.
You spent 354 gold pieces at shops.
You paid 231 gold pieces to Gozag.

Inventory:

Hand Weapons
 A - a +6 broad axe of electrocution (weapon)
   (You acquired it on level 8 of the Dungeon)
 K - a +2 battleaxe
   (You took it off a wight on level 8 of the Dungeon)
Missiles
 i - 6 javelins
 u - a throwing net
 G - 5 silver javelins
 P - 21 boomerangs (quivered)
Armour
 e - a +1 pair of gloves (worn)
   (You found it on level 1 of the Dungeon)
 F - a +0 pair of boots (worn)
   (You found it on level 6 of the Dungeon)
 J - a +2 cloak of stealth (worn)
   (You took it off Crazy Yiuf on level 7 of the Dungeon)
 N - a +2 chain mail of poison resistance (worn)
   (You bought it in a shop on level 4 of the Dungeon)
 O - a +0 buckler (worn)
 Q - a +0 kite shield
   (You took it off a gnoll sergeant on level 10 of the Dungeon)
Jewellery
 c - a ring of protection from cold
   (You found it on level 2 of the Dungeon)
 f - a ring of protection from fire (right hand)
   (You found it on level 3 of the Dungeon)
 m - a ring of willpower (left hand)
   (You found it on level 1 of the Lair of Beasts)
 L - a +6 ring of dexterity
   (You found it on level 1 of the Lair of Beasts)
 S - an amulet of guardian spirit (around neck)
   (You found it on level 3 of the Lair of Beasts)
 W - the ring "Buippua" {Dex+3 SInv}
   (You found it on level 5 of the Lair of Beasts)

   [ring of see invisible]

   Dex:       It affects your dexterity (+3).
   SInv:      It lets you see invisible.
Wands
 b - a wand of iceblast (13)
   (You found it on level 8 of the Dungeon)
 H - a wand of charming (14)
   (You found it on level 6 of the Dungeon)
 M - a wand of mindburst (21)
   (You found it on level 8 of the Dungeon)
Scrolls
 k - a scroll of enchant armour
 l - 4 scrolls of magic mapping
 n - 3 scrolls of fear
 p - 3 scrolls of silence
 r - a scroll of identify
 s - 2 scrolls of butterflies
 t - 2 scrolls of teleportation
 v - 4 scrolls of immolation
 y - a scroll of poison
 z - 2 scrolls of blinking
 E - 2 scrolls of summoning
 V - a scroll of vulnerability
Potions
 d - 4 potions of might
 g - a potion of berserk rage
 h - 3 potions of haste
 j - 3 potions of brilliance {unknown}
 o - 5 potions of lignification {unknown}
 q - 6 potions of curing
 w - a potion of heal wounds
 x - 4 potions of mutation {unknown}
 B - 4 potions of degeneration {unknown}
 C - 2 potions of resistance {unknown}
 D - 2 potions of magic {unknown}
 I - 6 potions of cancellation {unknown}
 T - a potion of ambrosia {unknown}
 U - a potion of flight {unknown}
Miscellaneous
 a - a piece from Xom's chessboard (15/15)
   (You found it on level 11 of the Dungeon)


   Skills:
 + Level 13.6 Fighting
 + Level 15.9 Axes
 + Level 10.3 Throwing
 + Level 13.6 Armour
 + Level 2.4 Dodging
 - Level 10.0 Shields
 - Level 6.0 Evocations


You had 13 spell levels left.
You didn't know any spells.
Your spell library was empty.

Dungeon Overview and Level Annotations

Branches:
Dungeon (12/15)            Temple (1/1) D:5            Lair (5/5) D:10
  Swamp (0/4) Lair:3       Spider (0/4) Lair:2        Slime (0/5) Lair:5
    Orc (2/2) D:12            Elf (0/3) Orc:2         Sewer (visited)

Altars:
Ashenzari
Cheibriados
Dithmenos
Elyvilon
Fedhas
Gozag
Hepliaklqana
Kikubaaqudgha
Makhleb
Nemelex Xobeh
Okawaru
Qazlal
Ru
Sif Muna
Trog
Uskayaw
Vehumet
Wu Jian
Xom
Yredelemnul
Zin
The Shining One

Shops:
D:1 (   D:4 [[   D:8 (

Annotations:
Lair:2 2 transporters, exclusion: oklob plant, xight's ghost, journeyman DEFE


Innate Abilities, Weirdness & Mutations

You have a pair of horns on your head.
You reflexively headbutt those who attack you in melee.


Message History

No target in view!
No target in view!
No target in view!
No target in view!
No target in view!
No target in view!
No target in view!
You now have 4005 gold pieces (gained 13).
Things that are here:
a +0 war axe; a +0 dagger; a +0 robe You now have 4012 gold pieces (gained 7).
Things that are here:
a +0 long sword; a +0 chain mail You start resting.
An orc knight comes into view.
It is wielding a +0 dire flail of holy wrath.
An orc knight is nearby!
An orc wizard, an orc warrior and 2 orcs come into view.
The orc knight shouts!
The orc wizard shouts!
The orc shouts!
The orc warrior shouts!
The orc shouts!
You hear a howl!
The orc wizard points at you and mumbles some strange words.
The puff of flame hits you but does no damage.
Things that are here:
a +0 war axe; a +0 dagger; a +0 robe A warg comes into view.
The orc knight roars a battlecry!
The orcs go into a battle-frenzy!
Things that are here:
7 gold pieces; a +0 flail of protection You barely miss the orc knight.
You slash the orc wizard!
The orc knight hits you with a +0 dire flail of holy wrath!
You slash the orc knight!
The orc knight is lightly wounded.
You barely miss the orc warrior. You hit the orc.
The orc knight hits you with a +0 dire flail of holy wrath.
The orc hits you but does no damage.
You slash the orc! Lightning courses through the orc!
You kill the orc!
You hit the orc knight. You hit the orc warrior.
Lightning courses through the orc warrior!
The orc knight hits you with a +0 dire flail of holy wrath.
The orc warrior closely misses you. You furiously retaliate!
You headbutt the orc warrior!
You kill the orc warrior!
You slice the orc wizard!!
You kill the orc wizard!
You hit the orc knight but do no damage.
You hit the orc but do no damage. You closely miss the orc knight.
You headbutt the orc knight, but do no damage.
The orc knight is lightly wounded.
You hit the warg. You hit the orc but do no damage. The orc barely misses you.
You furiously retaliate!
You headbutt the orc, but do no damage.
The orc knight hits you with a +0 dire flail of holy wrath.
You block the warg's attack.
You slash the orc knight!
Lightning courses through the orc knight!
Your headbutt misses the orc knight.
The orc knight is heavily wounded.
You slash the warg! You hit the orc. You block the warg's attack.
The orc knight hits you but does no damage.
You block the orc's attack.
You slash the orc knight! Your headbutt misses the orc knight.
The orc knight is severely wounded.
You miss the warg. You hit the orc but do no damage.
You block the warg's attack.
The orc knight is distracted by your dazzling golden aura.
The orc closely misses you. You furiously retaliate!
You headbutt the orc!
You kill the orc!
The orc knight shouts!
You closely miss the orc knight.
The orc knight is no longer distracted by gold.
You headbutt the orc knight!
The orc knight is almost dead.
You hit the warg. Lightning courses through the warg!
You kill the warg!
The orc knight hits you with a +0 dire flail of holy wrath!!
* * * LOW HITPOINT WARNING * * *
You closely miss the orc knight.
The orc knight is almost dead.
You block the orc knight's attack.
You hit the orc knight but do no damage.
The orc knight is almost dead.
You barely miss the orc knight.
The orc knight is almost dead.
The orc knight hits you with a +0 dire flail of holy wrath!
* * * LOW HITPOINT WARNING * * *
You barely miss the orc knight. You headbutt the orc knight.
The orc knight is almost dead.
The orc knight hits you with a +0 dire flail of holy wrath!
* * * LOW HITPOINT WARNING * * *
You hit the orc knight but do no damage.
You headbutt the orc knight, but do no damage.
The orc knight is almost dead.
You block the orc knight's attack.
You hit the orc knight.
Lightning courses through the orc knight!
The orc knight is almost dead.
The orc knight hits you with a +0 dire flail of holy wrath!!
You die...
Your body crumbles into a pile of gold.

≈......###...........##....._...
.......##......#.........o......
†....†..#......###......oo.....
~....#.##.....####.........##
~.....###.....###......$....#
≈≈..†###......#......$$.....#
~≈≈### ##............$$......$..
~≈## ##......o$..###.........
### ###....@$.## ###$......
##### #.....$## .#..... ..#.###
##...)## .##...# ......##
##..$)# ## ..## .......# ###..#
.# ..#...## #### ..##.## ......#
#.##.##


You could see an orc knight.

Vanquished Creatures
  A dire elephant (Lair:5)
  Nessos (D:12)
  7 hydras
  A catoblepas (Lair:5)
  2 boulder beetles
  A deep troll shaman (Lair:5)
  11 death yaks
  Urug (D:12)
  An orb spider (Lair:2)
  2 orc knights (Orc:2)
  An ugly thing (D:12)
  A cyclops (D:11)
  2 manticores
  14 elephants
  A black mamba (Lair:5)
  A torpor snail (Lair:4)
  A gargoyle (D:12)
  4 rime drakes
  5 cane toads
  An unseen horror (D:10)
  7 komodo dragons
  Psyche (D:8)
  3 polar bears
  3 trolls
  3 blink frogs (Lair:1)
  15 dream sheep
  A shadow (D:12)
  7 wraiths
  2 vampires (D:12)
  24 yaks
  6 wyverns
  3 basilisks
  A steam dragon (Lair:4)
  2 wargs (Orc:2)
  17 water moccasins
  13 orc warriors
  An ice beast (D:7)
  3 black bears
  2 sky beasts (D:8)
  A swamp drake (Lair:4)
  14 wolves
  3 ogres (Orc:2)
  5 centaurs
  3 kobold brigands
  A gnoll sergeant (D:10)
  18 bullfrogs
  2 necrophages (D:6)
  2 scorpions (D:6)
  13 wights
  4 howler monkeys (D:7)
  2 hounds
  13 orc priests
  6 jellies
  Crazy Yiuf (D:7)
  22 orc wizards
  Natasha (D:2)
  3 iguanas
  Robin (D:4)
  19 gnolls
  7 adders
  4 river rats (Sewer)
  A white imp (D:7)
  2 ufetubi (D:7)
  2 worms
  3 dart slugs
  61 orcs
  14 ball pythons
  2 endoplasms
  13 hobgoblins
  5 jackals
  5 quokkas
  5 bats
  6 frilled lizards
  20 goblins
  27 kobolds
  32 rats
516 creatures vanquished.

Vanquished Creatures (collateral kills)
  A boulder beetle (D:12)
1 creature vanquished.

Vanquished Creatures (others)
  21 fungi
  49 plants
70 creatures vanquished.

Grand Total: 587 creatures vanquished

Notes
Turn   | Place    | Note
-------+----------+-------------------------------------------
     0 | D:1      | Flugkiller the Minotaur Fighter began the quest for the
                  | Orb.
     0 | D:1      | Reached XP level 1. HP: 19/19 MP: 0/0
   244 | D:1      | Reached skill level 3 in Axes
   244 | D:1      | Reached XP level 2. HP: 23/27 MP: 1/1
   282 | D:1      | Found a faded altar of an unknown god.
   383 | D:1      | Found Ros Hizo's Antique Weapon Boutique.
   437 | D:1      | Reached XP level 3. HP: 33/33 MP: 2/2
  1190 | D:3      | Identified the +5 falchion "Coriu" {protect, rF++}
  1396 | D:3      | Reached skill level 4 in Axes
  1396 | D:3      | Noticed Natasha
  1671 | D:2      | Killed Natasha
  1672 | D:2      | Reached XP level 4. HP: 26/41 MP: 3/3
  1889 | D:3      | Reached XP level 5. HP: 42/47 MP: 4/4
  2039 | D:3      | Reached skill level 5 in Axes
  2519 | D:4      | Reached skill level 5 in Armour
  2574 | D:4      | Reached skill level 5 in Fighting
  2896 | D:4      | Reached XP level 6. HP: 56/56 MP: 5/5
  3060 | D:4      | Found Zoosuosu's Armour Boutique.
  3257 | D:4      | Noticed Robin
  3260 | D:4      | Reached skill level 6 in Axes
  3265 | D:4      | Killed Robin
  3580 | D:4      | Found Geceul's Antique Armour Shoppe.
  4063 | D:5      | Entered Level 5 of the Dungeon
  4383 | D:5      | Reached XP level 7. HP: 53/61 MP: 6/6
  4388 | D:5      | Found a glowing drain.
  4392 | Sewer    | Entered a sewer
  4764 | Sewer    | Reached skill level 7 in Axes
  5163 | D:5      | Found a staircase to the Ecumenical Temple.
  6096 | Temple   | Entered the Ecumenical Temple
  6448 | Temple   | Became a worshipper of Gozag Ym Sagoz the Greedy
  6646 | D:6      | Reached skill level 8 in Axes
  6785 | D:6      | Found an iron altar of Okawaru.
  6849 | D:6      | Found a hazy altar of Hepliaklqana.
  6878 | D:6      | Reached XP level 8. HP: 62/71 MP: 7/7
  7603 | D:7      | Reached skill level 9 in Axes
  8281 | D:7      | Reached skill level 10 in Axes
  8307 | D:7      | Found a runed translucent door.
  8310 | D:7      | Noticed Crazy Yiuf
  8456 | D:7      | Reached XP level 9. HP: 77/81 MP: 8/8
  8712 | D:7      | Reached skill level 11 in Axes
  8905 | D:7      | Killed Crazy Yiuf
  9066 | D:4      | Bought a +2 chain mail of poison resistance for 185 gold
                  | pieces
  9291 | D:8      | Noticed Psyche
  9354 | D:8      | Killed Psyche
  9672 | D:8      | Identified the +1 robe of the Hanged Man {Regen+}
 10111 | D:8      | Reached skill level 12 in Axes
 10121 | D:8      | Found Jeydy's Antique Weapon Shoppe.
 10194 | D:8      | Reached skill level 1 in Throwing
 10284 | D:8      | Reached XP level 10. HP: 91/91 MP: 9/9
 11480 | D:10     | Entered Level 10 of the Dungeon
 11480 | D:10     | Noticed a seven-headed hydra
 11485 | D:9      | HP: 2/92 [seven-headed hydra (10)]
 12230 | D:10     | Reached skill level 1 in Evocations
 12555 | D:10     | Found a staircase to the Lair.
 12721 | D:10     | Reached skill level 5 in Throwing
 12874 | D:10     | Reached XP level 11. HP: 85/99 MP: 10/10
 13351 | D:8      | Bought a glowing war axe for 169 gold pieces
 13352 | D:8      | Identified a scroll of acquirement
 13352 | D:8      | Acquired a +2 vorpal broad axe
 13438 | Lair:1   | Entered Level 1 of the Lair of Beasts
 13445 | Lair:1   | Reached skill level 5 in Evocations
 13946 | Lair:1   | Reached skill level 13 in Axes
 14107 | Lair:1   | Reached skill level 10 in Armour
 14285 | Lair:2   | Reached skill level 10 in Fighting
 14441 | Lair:2   | Noticed a death yak
 14441 | Lair:2   | Noticed an eight-headed hydra
 14441 | Lair:2   | Noticed xight's ghost (journeyman DEFE)
 14530 | Lair:2   | Reached skill level 5 in Shields
 14554 | Lair:2   | Found a transporter.
 14554 | Lair:2   | Found a transporter.
 14726 | Lair:2   | Found a blossoming altar of Fedhas.
 14726 | Lair:2   | Noticed an oklob plant
 14816 | Lair:2   | Noticed a six-headed hydra
 15185 | Lair:2   | Found a hole to the Spider Nest.
 15185 | Lair:2   | Noticed an orb spider
 15206 | Lair:2   | Killed an orb spider
 15343 | Lair:2   | Killed a nine-headed hydra
 15738 | Lair:3   | Noticed an eight-headed hydra
 15745 | Lair:3   | Killed an eight-headed hydra
 15826 | Lair:3   | Found a shimmering blue altar of Sif Muna.
 16044 | Lair:3   | Noticed a four-headed hydra
 16053 | Lair:3   | Killed a seven-headed hydra
 16054 | Lair:3   | Reached XP level 12. HP: 106/108 MP: 11/11
 16175 | Lair:3   | Noticed a six-headed hydra
 16186 | Lair:3   | Killed a six-headed hydra
 16326 | Lair:3   | Found a staircase to the Swamp.
 16800 | Lair:4   | Noticed a six-headed hydra
 16815 | Lair:4   | Killed a six-headed hydra
 16841 | Lair:4   | Reached skill level 14 in Axes
 17080 | Lair:4   | Noticed a death yak
 17080 | Lair:4   | Noticed a death yak
 17084 | Lair:4   | Noticed a death yak
 17086 | Lair:4   | Noticed a death yak
 17087 | Lair:4   | Noticed a death yak
 17090 | Lair:4   | Noticed a death yak
 17096 | Lair:4   | Killed a death yak
 17105 | Lair:4   | Killed a death yak
 17106 | Lair:4   | Killed a death yak
 17111 | Lair:4   | Killed a death yak
 17118 | Lair:4   | Killed a death yak
 17450 | Lair:3   | Killed a death yak
 18414 | Lair:5   | Entered Level 5 of the Lair of Beasts
 18439 | Lair:5   | Reached XP level 13. HP: 103/118 MP: 10/12
 19031 | Lair:5   | Found a staircase to the Slime Pits.
 19302 | Lair:5   | Reached skill level 15 in Axes
 21181 | Lair:5   | Noticed a dire elephant
 21197 | Lair:5   | Killed a dire elephant
 21649 | Lair:5   | Identified the ring "Buippua" {Dex+3 SInv}
 21944 | D:11     | Reached skill level 10 in Shields
 22701 | D:12     | Noticed Urug
 22726 | D:12     | Killed Urug
 23132 | D:12     | Reached skill level 10 in Throwing
 23352 | D:12     | Noticed Nessos
 23374 | D:12     | Reached skill level 1 in Dodging
 23668 | D:12     | Killed Nessos
 23669 | D:12     | Reached XP level 14. HP: 83/129 MP: 8/13
 23927 | D:12     | Found a staircase to the Orcish Mines.
 24552 | Orc:1    | Entered Level 1 of the Orcish Mines
 24593 | Orc:2    | Entered Level 2 of the Orcish Mines
 24622 | Orc:2    | Found a staircase to the Elven Halls.
 25278 | Orc:2    | Found a radiant altar of Vehumet.
 25356 | Orc:2    | Slain by an orc knight

Illustrated notes

Levels and vault maps discovered:
D:1:      dpeg_arrival_castle, layout_rooms,
          shapermc_ecumenical_altar_mp_urbaneastern, serial_shops,
          nicolae_shop_overgrown_old_shop, minmay_misc_feat_rows,
          serial_bayou_ford_a
D:2:      layout_loops_ring
D:3:      layout_rooms, hangedman_decor_points, grunt_ministairs_15,
          st_stairs_7, uniq_natasha
D:4:      corexii_shantytown, layout_cave_pods, serial_shops, shop,
          nicolae_stop_n_shop_1, uniq_robin
D:5:      layout_loops_corners, minmay_temple_entry_metal_lava,
          gup_sewer_entry_bowl, kennysheep_windowed_goal
D:6:      layout_loops_corners, mainiacjoe_overflow_catch_the_wave,
          reono_crystal_passage, kennysheep_small_spiral
D:7:      layout_gridville, chequers_serial_rivers_micro_c, solitary_fountain,
          grunt_decor_mini_mirrors, uniq_crazy_yiuf_cottage
D:8:      layout_basic, serial_shops, shop, uniq_psyche
D:9:      layout_irregular_city
D:10:     layout_gridville, minmay_lair_entry_grove, st_stairs_11
D:11:     layout_roguey
D:12:     layout_basic, uniq_urug, uniq_nessos
Temple:   mainiacjoe_temple_cubbyholes
Lair:1:   layout_roguey, chequers_serial_rivers_room_a
Lair:2:   layout_chaotic_city, nicolae_spider_entry_orb_guardian,
          nzn_ghost_randoct, lemuel_oklob_altar, lemuel_fruit_tree
Lair:3:   layout_gridlike, palyth_hydra_swamp_entry, basic_altar
Lair:4:   layout_roguey, guppyfry_lair_drakes
Lair:5:   grunt_lair_end_beastmaster, layout_cave_pods,
          nicolae_slime_entry_slimehenge, grunt_megastairs_1
Orc:1:    layout_diamond_mine, elves_outpost_lemuel
Orc:2:    st_orc_rangers, layout_diamond_mine, basic_altar, mines_bat_river

Skill      XL: |  1  2  3  4  5  6  7  8  9 10 11 12 13 14 |
---------------+-------------------------------------------+-----
Axes           | 3 4 5 6 8 10 12 13 14 15 | 15.9
Fighting       | 4 5 6 7 9 10 12 13 | 13.6
Armour         | 4 5 6 8 9 10 12 13 | 13.6
Throwing       | 1 5 7 8 10 | 10.3
Evocations     | 4 6 |  6.0
Shields        | 6 8 10 | 10.0
Dodging        | 1 2 |  2.4

Action                   |  1- 3 |  4- 6 |  7- 9 | 10-12 | 13-15 || total
-------------------------+-------+-------+-------+-------+-------++-------
Melee: War axe           |    83 |   136 |   238 |       |       ||   457
       Headbutt          |     9 |    22 |    42 |   103 |    96 ||   272
       Battleaxe         |       |       |    52 |   178 |       ||   230
       Broad axe         |       |       |       |   261 |   394 ||   655
Throw: Boomerang         |       |       |     6 |    15 |    32 ||    53
       Throwing net      |       |       |       |     1 |       ||     1
       Javelin           |       |       |       |     2 |     2 ||     4
Invok: Potion Petition   |       |       |       |     1 |       ||     1
Evoke: Wand              |       |       |       |     9 |     1 ||    10
  Use: Potion            |       |     1 |     1 |     3 |     2 ||     7
       Scroll            |       |       |    13 |    14 |     3 ||    30
 Stab: Distracted        |       |       |     2 |     1 |       ||     3
       Petrifying        |       |       |       |       |     3 ||     3
Armor: Scale mail        |    42 |    56 |   113 |       |       ||   211
       Skin              |       |       |    53 |       |       ||    53
       Chain mail        |       |       |    24 |   356 |   220 ||   600
Dodge: Dodged            |    41 |    65 |   157 |   178 |   118 ||   559
Block: Buckler           |    21 |    35 |    62 |    89 |   109 ||   316

Table legend: (Time is in decaauts)
 A = Elapsed time spent in this place.
 B = Non-inter-level travel time spent in this place.
 C = Inter-level travel time spent in this place.
 D = Time resting spent in this place.
 E = Time spent auto-exploring this place.
 F = Levels seen in this place.
 G = Mean time per level.
                   A        B        C        D        E       F      G
               +--------+--------+--------+--------+--------+-----+--------+
         Total |  25495 |  24407 |   1088 |   5275 |  15794 |  21 | 1214.0 |
       Dungeon |  15283 |  14518 |    765 |   3071 |   9473 |  12 | 1273.6 |
        Temple |    370 |    305 |     65 |      0 |    300 |   1 |  370.0 |
          Lair |   8371 |   8120 |    251 |   1566 |   5531 |   5 | 1674.2 |
  Orcish Mines |    792 |    786 |      6 |    312 |    298 |   2 |  396.0 |
         Sewer |    676 |    676 |      0 |    326 |    192 |   1 |  676.0 |
               +--------+--------+--------+--------+--------+-----+--------+

Top non-repeatable levels by time:
  Lair:5: 3078 daAuts
     D:4: 2072 daAuts
    D:12: 1678 daAuts
  Lair:4: 1574 daAuts
     D:7: 1537 daAuts
     D:8: 1491 daAuts
     D:9: 1455 daAuts
  Lair:3: 1402 daAuts
    D:10: 1279 daAuts
     D:5: 1271 daAuts
  Lair:2: 1158 daAuts
  Lair:1: 1157 daAuts
     D:6: 1038 daAuts
    D:11: 1029 daAuts
     D:2: 933 daAuts
